 Dungeon Crawl Stone Soup version 0.31.0-4-g52a2dc7128 (webtiles) character file.

Game seed: 652584758271077770

200053 Ofeo the Warrior (level 17, -30/151 HPs)
             Began as a Demonspawn Alchemist on Jan 21, 2024.
             Was the Champion of Nemelex Xobeh.
             Killed from afar by a naga ritualist (34 damage)
             ... with a splash of poison
             ... on level 4 of the Snake Pit.
             The game lasted 01:37:38 (36719 turns).

Ofeo the Warrior (Demonspawn Alchemist)            Turns: 36719, Time: 01:37:38

Health: -30/151    AC: 16    Str:  8    XL:     17   Next: 86%
Magic:  31/31      EV: 20    Int: 27    God:    Nemelex Xobeh [******]
Gold:   1377       SH:  0    Dex: 27    Spells: 14/36 levels left

rFire   . . .        g - +8 pair of quick blades "Gyre" and "Gimble" {protect}
rCold   . . .        (shield currently unavailable)
rNeg    . . .        J - +3 leather armour "Lexecaim" {rCorr Int+4 Stlth+}
rPois   x            U - +1 hat
rElec   .            w - scarf {repulsion}
rCorr   +            T - +2 pair of gloves
SInv    .            i - +1 pair of boots of the Grue {Regen+}
Will    +....        b - amulet of regeneration
Stlth   +++++++++    B - +6 ring of intelligence
HPRegen 2.05/turn    D - +4 ring of protection
MPRegen 0.22/turn

%: repel missiles
@: lethally poisoned (-30 -> -48), untranslocatable, poison vulnerable
A: horns 1, thin skeletal structure 3, foul stench 2, demonic magic 3
}: 1/15 runes: decaying
a: Renounce Religion, Draw Escape, Draw Destruction, Draw Summoning, Draw Stack,
Triple Draw, Deal Four, Stack Five


You were on level 4 of the Snake Pit.
You worshipped Nemelex Xobeh.
Nemelex Xobeh was exalted by your worship.
You visited 5 branches of the dungeon, and saw 30 of its levels.
You also visited: Ossuary and Bailey.

You collected 3420 gold pieces.
You spent 2043 gold pieces at shops.

Inventory:

Hand Weapons
 g - the +8 pair of quick blades "Gyre" and "Gimble" (weapon) {protect}
   (You acquired it in an ossuary)
Missiles
 c - 9 curare-tipped darts
 j - 9 throwing nets
Armour
 i - the +1 pair of boots of the Grue (worn) {Regen+}
   (You acquired it on level 13 of the Dungeon)

   Regen+:    It increases your rate of health regeneration.
 w - a scarf of repulsion (worn)
 J - the +3 leather armour "Lexecaim" (worn) {rCorr Int+4 Stlth+}
   (You found it on level 9 of the Dungeon)

   Int+4:     It affects your intelligence (+4).
   rCorr:     It protects you from acid and corrosion.
   Stlth+:    It makes you more stealthy.
 T - a +2 pair of gloves (worn)
 U - a +1 hat (worn)
 X - +0 ice dragon scales
Jewellery
 b - an amulet of regeneration (around neck)
 B - a +6 ring of intelligence (left hand)
 D - a +4 ring of protection (right hand)
 E - a ring of willpower
 G - the amulet "Tehi Sudukua" {Spirit rCorr Stlth+}
   (You bought it in a shop on level 2 of the Orcish Mines)

   [amulet of guardian spirit]

   Spirit:    It causes incoming damage to be divided between your reserves of
   health and magic.
   rCorr:     It protects you from acid and corrosion.
   Stlth+:    It makes you more stealthy.
 Q - a ring of resist corrosion
 S - a ring of protection from cold
Wands
 k - a wand of iceblast (40) {@v4}
 F - a wand of digging (9) {@v1}
 H - a wand of mindburst (25)
 L - a wand of paralysis (18)
 M - a wand of quicksilver (15)
 W - a wand of flame (38)
Scrolls
 a - 3 scrolls of immolation
 d - 2 scrolls of vulnerability
 f - 5 scrolls of blinking {@r4}
 n - 6 scrolls of teleportation {@r3}
 p - 3 scrolls of fog
 t - 3 scrolls of silence
 v - 5 scrolls of enchant weapon
 x - 4 scrolls of amnesia
 y - 4 scrolls of brand weapon
 K - 2 scrolls of revelation
 N - 4 scrolls of poison
 O - a scroll of summoning
 P - 3 scrolls of enchant armour
 Y - a scroll of fear
Potions
 e - 5 potions of enlightenment
 h - 3 potions of heal wounds {@q2}
 l - 8 potions of lignification
 m - 4 potions of might {@q4}
 o - 3 potions of brilliance
 q - 14 potions of curing {@q1}
 r - 3 potions of resistance {@q6}
 s - 4 potions of haste {@q3}
 u - a potion of mutation
 z - 8 potions of attraction
 A - 4 potions of ambrosia
 I - 2 potions of invisibility
 R - 4 potions of berserk rage
 V - 2 potions of cancellation
Miscellaneous
 C - a tin of tremorstones (2/2)
 Z - a lightning rod (4/4)


   Skills:
 + Level 18.8 Fighting
 - Level 14.0 Short Blades
 - Level 10.0 Dodging
 - Level 10.0 Stealth
 - Level 10.0 Spellcasting
 - Level 1.3 Conjurations
 - Level 6.0 Fire Magic
 - Level 7.2 Alchemy
 - Level 12.0 Invocations
 - Level 8.0 Evocations


You had 14 spell levels left.
You knew the following spells:

 Your Spells              Type           Power      Damage    Failure   Level
a - Sting                 Conj/Alch      100%       1d9       1%          1
b - Mercury Vapours       Alch/Air       66%        N/A       2%          2
c - Mephitic Cloud        Conj/Alch/Air  29%        N/A       6%          3
d - Sticky Flame          Fire/Alch      49%        2d9       4%          4
e - Olgreb's Toxic Radia  Alch           52%        N/A       3%          4
f - Confusing Touch       Hex            13%        N/A       19%         3
g - Yara's Violent Unrav  Hex/Alch       16%        3d8       36%         5

Your spell library contained the following spells:

 Spells                   Type           Power      Damage    Failure   Level
 Necrotise                Necr           52%        1d6       6%          1
 Slow                     Hex            52%        N/A       6%          1
 Dazzling Flash           Conj/Hex       34%        N/A       14%         3
 Stone Arrow              Conj/Erth      34%        3d9       14%         3
 Ozocubu's Armour         Ice            13%        N/A       19%         3
 Sigil of Binding         Hex            13%        N/A       19%         3
 Tukima's Dance           Hex            13%        N/A       19%         3
 Vampiric Draining        Necr           13%        2d6       19%         3
 Fireball                 Conj/Fire      16%        3d8       36%         5
 Brom's Barrelling Bould  Conj/Erth      17%        2d4       43%         4
 Anguish                  Hex/Necr       6%         N/A       52%         4
 Animate Armour           Summ/Erth      26%        N/A       52%         4
 Animate Dead             Necr           13%        N/A       52%         4
 Cause Fear               Hex            6%         N/A       52%         4
 Martyr's Knell           Necr/Summ      13%        N/A       52%         4
 Passage of Golubria      Tloc           13%        N/A       52%         4
 Iskenderun's Battlesphe  Conj           20%        2d7       69%         5
 Freezing Cloud           Conj/Ice/Air   7%         6-21      82%         5
 Borgnjor's Vile Clutch   Necr/Erth      6%         N/A       86%         5
 Curse of Agony           Necr           13%        N/A       86%         5
 Metabolic Englaciation   Hex/Ice        6%         N/A       86%         5
 Silence                  Hex/Air        6%         N/A       86%         5
 Sculpt Simulacrum        Ice/Alch       16%        N/A       91%         6
 Conjure Ball Lightning   Conj/Air       8%         3x3d6     100%        6
 Death Channel            Necr           6%         N/A       100%        6
 Enfeeble                 Hex            6%         N/A       100%        7
 Orb of Destruction       Conj           10%        9d6       100%        7
 Lehudib's Crystal Spear  Conj/Erth      8%         10d4      100%        8


Dungeon Overview and Level Annotations

Branches:
Dungeon (15/15)            Temple (0/1) D:6            Lair (5/5) D:9
  Swamp (4/4) Lair:2        Snake (4/4) Lair:2        Slime (0/5) Lair:5
    Orc (2/2) D:9             Elf (0/3) Orc:2        Vaults (0/5) D:13
 Depths (0/4) D:15        Ossuary (visited)          Bailey (visited)

Altars:
Gozag
Hepliaklqana
Kikubaaqudgha
Nemelex Xobeh
Ru
Trog
Wu Jian
Xom
Jiyva

Shops:
D:5 *   Orc:2 [**!   Snake:3 [*

Portals:
Trove: D:15 (give +6 fire dragon scales)

Annotations:
D:10 1 runed translucent door, dialectric's ghost, novice MiBe
Lair:2 3 runed translucent doors, Reubyar's ghost, journeyman MiBe
Swamp:3 1 runed translucent door, xzight's ghost, adept MiBe


Innate Abilities, Weirdness & Mutations

You have a pair of small horns on your head.
You have an unnaturally thin skeletal structure. (Dex +6, Stealth+++)
You sometimes emit foul miasma when damaged in melee.
Spells you cast and wands you use may paralyse nearby enemies.


Message History

You easily resist.
The nagaraja gestures at you while chanting.
The bolt of poison hits you!!!
You are poisoned.
The naga ritualist utters an invocation to its god.
The naga ritualist begins to radiate toxic energy.
You are more poisoned.
You feel extremely sick.
The nagaraja casts a spell.
The nagaraja seems to speed up.
The guardian serpent coils itself and waves its upper body at you.
The bolt of poison misses you. The nagaraja casts a spell at you.
The poison arrow misses you.
You feel extremely sick.
The guardian serpent coils itself and waves its upper body at something.
The nagaraja blinks into view! x2
You feel extremely sick.
The nagaraja hits you from afar with a +0 spear!
The guardian serpent coils itself and waves its upper body at you.
The nagaraja blinks!
The black mamba blinks into view!
The naga ritualist blinks into view!
The nagaraja gestures at you while chanting.
The poison arrow hits you!!!
You are lethally poisoned!
* * * LOW HITPOINT WARNING * * *
Okay, then.
Search for what [? for help]? blink
Okay, then.
You feel better.
* * * LOW HITPOINT WARNING * * *
You are poisoned.
The black mamba barely misses you. The nagaraja hits you with a +0 spear!
* * * LOW HITPOINT WARNING * * *
The nagaraja barely misses you. The black mamba misses you.
The naga ritualist spits poison at you. The splash of poison hits you!!
You are lethally poisoned!
You die...
Your body glows slightly and disappears.

..............###.....### #.##.
..#...)...#.............#####.##.
....^..........######.#..........
.....###.#...............#######.
.()..........##.....#.##########.
##......###..##...#.......#...###
.......###..##8...8#.............
......##...####..N#####.......###
.....##.....###S@.## ##.........
...###...#####..NN.# ###########.
...#.[..##..##.....##.^# #.
.....####.).....⌠....... #.
...###.NN....8.....8.... ##
.#.##..N#..S.#.....#....
.#.##..###..###.†.###..# ...##N.
#...# ##'## ... ####.N.
#...###...##


You could see 2 nagarajas, a naga ritualist (toxic aura, catching breath), a
guardian serpent and a black mamba.

Vanquished Creatures
  A bone dragon (Swamp:4)
  A tentacled monstrosity (Swamp:2)
  Frances (Swamp:1)
  Agnes (D:14)
  A fenstrider witch (Swamp:4)
  A nagaraja (Snake:2)
  An orc warlord (Orc:1)
  3 eleionomae
  2 dire elephants (Swamp:3)
  8 bunyips
  A yaktaur captain (D:13)
  An ogre mage (D:15)
  8 hydras
  3 salamander tyrants
  An ice dragon (Lair:5)
  3 ghost crabs
  Erolcha (D:13)
  3 catoblepae
  7 anacondas
  4 centaur warriors
  4 alligators
  2 boulder beetles
  A deep troll earth mage (D:15)
  9 two-headed ogres
  3 death yaks (D:9)
  2 orc high priests
  12 naga warriors
  A tengu warrior (D:13)
  A deep elf knight (Swamp:3)
  10 shock serpents
  10 naga sharpshooters
  Urug (Lair:5)
  3 salamander mystics
  4 skeletal warriors
  8 mana vipers
  A sea snake (Swamp:1)
  3 goliath frogs
  4 spectral hydras
  5 spriggan druids
  A death drake (Swamp:4)
  5 swamp dragons
  2 arcanists (D:15)
  A phantasmal warrior (Swamp:4)
  5 naga ritualists
  A deep elf archer (Swamp:3)
  5 bog bodies
  2 orc knights (Orc:2)
  3 deep elf pyromancers
  5 alligator zombies (Swamp:4)
  4 manticores
  13 ugly things
  3 orc sorcerers
  2 cyclopes (D:15)
  12 salamanders
  A meliai (Lair:2)
  42 black mambas
  6 elephants (Lair:5)
  5 kobold blastminers
  9 naga magi
  A torpor snail (Lair:5)
  A guardian serpent (shapeshifter) (D:14)
  5 guardian serpents
  16 cane toads
  9 rime drakes
  A gargoyle (D:12)
  Jeremiah (D:8)
  Maggie (D:6)
  7 swamp worm zombies (Swamp:4)
  4 unseen horrors
  8 yaktaurs
  3 tengu conjurers
  An efreet (D:15)
  16 komodo dragons
  5 hydra zombies (Swamp:4)
  A polar bear (Lair:5)
  8 hornets
  5 trolls
  9 tyrant leeches
  A spectral elephant (Lair:2)
  6 blink frogs
  7 dream sheep
  A spectral swamp dragon (Swamp:4)
  2 wraiths
  A shadow (D:11)
  3 spriggans (Swamp:2)
  12 wyverns
  A centaur simulacrum (D:14)
  A vampire (D:10)
  3 tyrant leech zombies (Swamp:4)
  8 basilisks
  A water elemental (D:12)
  34 yaks
  Eustachio (D:4)
  6 steam dragons
  Grum (Bailey)
  A redback (Lair:5)
  Menkaure (D:4)
  16 vampire mosquitoes
  3 acid dragons
  A spectral cane toad (Lair:2)
  21 swamp worms
  Duvessa (D:4)
  Edmund (D:4)
  37 nagas
  34 water moccasins
  A hell hound (Swamp:3)
  A spectral polar bear (Lair:2)
  35 orc warriors
  4 swamp drakes
  An ice beast (D:7)
  2 swamp dragon zombies (Swamp:4)
  A black bear (D:6)
  A laughing skull (D:15)
  7 ogres
  16 wolves
  18 centaurs
  A boggart (Swamp:1)
  7 phantoms (Swamp:4)
  5 kobold brigands
  A spectral basilisk (Lair:2)
  12 bullfrogs
  6 gnoll sergeants (Bailey)
  13 scorpions
  8 wights
  Dowan (D:4)
  9 killer bees
  7 howler monkeys
  3 vampire bats (D:15)
  3 electric eels (D:12)
  3 centaur zombies (Ossuary)
  2 bombardier beetles
  2 human zombies (Ossuary)
  4 hounds
  3 jellies
  12 orc priests
  11 iguanas
  3 scorpion zombies (Ossuary)
  7 gnoll boudas (Bailey)
  16 orc wizards
  A sleepcap (D:7)
  3 mummies (Ossuary)
  23 gnolls
  6 adders
  2 shadow imps
  8 ufetubi
  2 adder zombies (Ossuary)
  2 dart slugs
  5 ribbon worms
  64 orcs
  5 ball pythons
  3 bat skeletons (D:15)
  3 bat zombies (D:15)
  7 endoplasms
  10 goblins
  7 hobgoblins
  6 jackals
  A quokka (D:2)
  2 ball python zombies (Ossuary)
  3 bats
  A frilled lizard (D:2)
  2 gnoll zombies (Ossuary)
  3 jackal zombies
  14 kobolds
  3 orc zombies (Ossuary)
  6 rats
988 creatures vanquished.

Vanquished Creatures (collateral kills)
  A shock serpent (Snake:4)
  A guardian serpent (Snake:4)
  A black mamba (Snake:4)
  A rime drake (Lair:4)
  2 basilisks (Lair:4)
  2 nagas (Snake:4)
8 creatures vanquished.

Vanquished Creatures (others)
  7 bloated husks
  An orc warrior (Orc:2)
  A phantom (Swamp:4)
  An orc (D:12)
10 creatures vanquished.

Grand Total: 1006 creatures vanquished

Notes
Turn   | Place    | Note
-------+----------+-------------------------------------------
     0 | D:1      | Ofeo the Demonspawn Alchemist began the quest for the Orb.
     0 | D:1      | Reached XP level 1. HP: 13/13 MP: 3/3
   333 | D:1      | Gained mutation: You have a somewhat thin skeletal
                  | structure. (Dex +2, Stealth+) [demonic ancestry]
   333 | D:1      | Reached XP level 2. HP: 3/19 MP: 1/5
   753 | D:1      | Found a faded altar of an unknown god.
   976 | D:1      | Prayed at the altar of an unknown god.
   976 | D:1      | Became a worshipper of Nemelex Xobeh the Trickster
   976 | D:1      | Reached * piety under Nemelex Xobeh
   980 | D:1      | Learned a level 2 spell: Mercury Vapours
  1355 | D:2      | Reached XP level 3. HP: 24/24 MP: 2/6
  1492 | D:2      | Received a gift from Nemelex Xobeh
  2273 | D:2      | Gained mutation: You have a moderately thin skeletal
                  | structure. (Dex +4, Stealth++) [demonic ancestry]
  2273 | D:2      | Reached XP level 4. HP: 30/30 MP: 3/7
  2451 | D:2      | Learned a level 3 spell: Mephitic Cloud
  2879 | D:3      | Identified the +6 long sword "Unwoi" {freeze, Will+ Int+3
                  | Dex+3}
  3279 | D:3      | Reached skill level 5 in Alchemy
  3390 | D:4      | Noticed Eustachio
  3398 | D:4      | Gained mutation: Spells you cast may paralyse adjacent
                  | enemies. [demonic ancestry]
  3398 | D:4      | Reached XP level 5. HP: 35/35 MP: 5/8
  3404 | D:4      | Killed Eustachio
  3405 | D:4      | Gained mutation: Spells you cast may paralyse nearby
                  | enemies. [demonic ancestry]
  3405 | D:4      | Reached XP level 6. HP: 30/41 MP: 5/9
  3551 | D:4      | Reached ** piety under Nemelex Xobeh
  3604 | D:4      | Received a gift from Nemelex Xobeh
  3668 | D:4      | Noticed Menkaure
  3715 | D:4      | Noticed Edmund
  3746 | D:4      | Found a sand-covered staircase.
  3765 | Ossuary  | Entered an ossuary
  3801 | Ossuary  | Reached XP level 7. HP: 41/46 MP: 9/11
  3855 | Ossuary  | Learned a level 4 spell: Sticky Flame
  3861 | Ossuary  | Learned a level 4 spell: Olgreb's Toxic Radiance
  4002 | Ossuary  | Reached skill level 1 in Fire Magic
  4078 | Ossuary  | Identified a scroll of acquirement
  4078 | Ossuary  | Acquired the +8 pair of quick blades "Gyre" and "Gimble"
                  | {protect}
  4078 | Ossuary  | Found the +8 pair of quick blades "Gyre" and "Gimble"
                  | {protect}
  4149 | Ossuary  | Reached skill level 5 in Spellcasting
  4153 | Ossuary  | Reached XP level 8. HP: 52/52 MP: 15/15
  4399 | D:4      | Killed Edmund
  4400 | D:4      | Reached skill level 5 in Fire Magic
  4524 | D:4      | Killed Menkaure
  4895 | D:4      | Noticed Duvessa
  4896 | D:4      | Noticed Dowan
  4900 | D:4      | Killed Duvessa
  4901 | D:4      | Reached skill level 1 in Fighting
  4902 | D:4      | Killed Dowan
  4903 | D:4      | Reached skill level 2 in Fighting
  5447 | D:5      | Entered Level 5 of the Dungeon
  5785 | D:5      | Reached skill level 3 in Fighting
  5853 | D:5      | Received a gift from Nemelex Xobeh
  6039 | D:5      | Found Qempar's Neck Hole.
  6825 | D:5      | Bought a scarf of repulsion for 120 gold pieces
  6873 | D:6      | Reached skill level 4 in Fighting
  6903 | D:6      | Gained mutation: You have an unnaturally thin skeletal
                  | structure. (Dex +6, Stealth+++) [demonic ancestry]
  6903 | D:6      | Reached XP level 9. HP: 65/65 MP: 16/16
  6903 | D:6      | Reached *** piety under Nemelex Xobeh
  6926 | D:6      | Found a sacrificial altar of Ru.
  7093 | D:6      | Reached skill level 5 in Fighting
  7239 | D:6      | Found a staircase to the Ecumenical Temple.
  7242 | D:6      | Noticed Maggie
  7254 | D:6      | Killed Maggie
  7255 | D:6      | Reached skill level 6 in Fighting
  7362 | D:6      | Received a gift from Nemelex Xobeh
  7561 | D:6      | Reached skill level 7 in Fighting
  8098 | D:7      | Received a gift from Nemelex Xobeh
  8292 | D:7      | Reached skill level 1 in Invocations
  8626 | D:7      | Found a hazy altar of Hepliaklqana.
  8665 | D:7      | Reached skill level 5 in Invocations
  8742 | D:7      | Reached **** piety under Nemelex Xobeh
  8742 | D:7      | Received a gift from Nemelex Xobeh
  9189 | D:8      | Noticed Jeremiah
  9301 | D:8      | Gained mutation: You have a pair of small horns on your
                  | head. [demonic ancestry]
  9301 | D:8      | Reached XP level 10. HP: 49/80 MP: 2/17
  9400 | D:8      | Found a flagged portal.
  9415 | Bailey   | Entered a bailey
  9500 | Bailey   | Received a gift from Nemelex Xobeh
 10117 | Bailey   | Identified the staff of Extinguishment {rN+++ Conj Air}
 10152 | Bailey   | Noticed Grum
 10158 | Bailey   | Reached skill level 10 in Invocations
 10159 | Bailey   | Killed Grum
 10840 | D:9      | Noticed a two-headed ogre
 11138 | D:8      | Killed Jeremiah
 11716 | D:9      | Gained mutation: You may rarely emit foul miasma when
                  | damaged in melee. [demonic ancestry]
 11716 | D:9      | Reached XP level 11. HP: 85/85 MP: 9/20
 11720 | D:9      | Found a staircase to the Orcish Mines.
 11722 | D:9      | Received a gift from Nemelex Xobeh
 11729 | D:9      | Reached skill level 5 in Short Blades
 11867 | D:9      | Found an opulent altar of Gozag.
 11881 | D:9      | Killed a two-headed ogre
 11932 | D:9      | Identified the +3 kite shield of the Protecting Gods
                  | {Dex+4}
 11967 | D:9      | Identified the +3 leather armour "Lexecaim" {rCorr Int+4
                  | Stlth+}
 11993 | D:9      | Noticed a death yak
 11994 | D:9      | Found a staircase to the Lair.
 11995 | D:9      | Noticed a death yak
 11995 | D:9      | Noticed a death yak
 12004 | D:9      | Killed a death yak
 12009 | D:9      | Killed a death yak
 12145 | D:9      | Killed a death yak
 12297 | D:10     | Entered Level 10 of the Dungeon
 12706 | D:10     | Received a gift from Nemelex Xobeh
 12763 | D:10     | Found an ornate altar of the Wu Jian Council.
 12765 | D:10     | Reached ***** piety under Nemelex Xobeh
 12927 | D:10     | Found a runed translucent door.
 12927 | D:10     | Noticed dialectric's ghost (novice MiBe)
 13398 | D:11     | Noticed a two-headed ogre
 13402 | D:11     | Killed a two-headed ogre
 13479 | D:11     | Received a gift from Nemelex Xobeh
 13549 | D:11     | Noticed a two-headed ogre
 13556 | D:11     | Killed a two-headed ogre
 13852 | D:11     | Noticed an angel
 14022 | D:11     | Received a gift from Nemelex Xobeh
 14261 | Lair:1   | Entered Level 1 of the Lair of Beasts
 14376 | Lair:1   | Reached skill level 10 in Short Blades
 14707 | Lair:1   | Reached XP level 12. HP: 92/92 MP: 13/21
 16232 | Lair:2   | Noticed a boulder beetle
 16249 | Lair:2   | Killed a boulder beetle
 16416 | Lair:2   | Received a gift from Nemelex Xobeh
 16423 | Lair:2   | Found a runed translucent gate.
 16423 | Lair:2   | Found a runed translucent gate.
 16423 | Lair:2   | Found a runed translucent gate.
 16428 | Lair:2   | Noticed Reubyar's ghost (journeyman MiBe)
 16494 | Lair:2   | Found a staircase to the Swamp.
 16494 | Lair:2   | Noticed a ghost crab
 16888 | Lair:3   | Received a gift from Nemelex Xobeh
 17711 | Lair:4   | Gained mutation: You sometimes emit foul miasma when
                  | damaged in melee. [demonic ancestry]
 17711 | Lair:4   | Reached XP level 13. HP: 98/98 MP: 22/22
 17811 | Lair:4   | Received a gift from Nemelex Xobeh
 17957 | Lair:4   | Reached ****** piety under Nemelex Xobeh
 18051 | Lair:4   | Reached skill level 5 in Dodging
 18859 | Lair:5   | Entered Level 5 of the Lair of Beasts
 18873 | Lair:5   | Received a gift from Nemelex Xobeh
 18925 | Lair:5   | Found a viscous altar of Jiyva.
 19214 | Lair:5   | Received a gift from Nemelex Xobeh
 19225 | Lair:5   | Noticed Urug
 19236 | Lair:5   | Killed Urug
 19237 | Lair:5   | Reached skill level 5 in Stealth
 19893 | Lair:5   | Reached XP level 14. HP: 85/104 MP: 3/23
 20289 | Lair:5   | Found a staircase to the Slime Pits.
 20878 | Lair:2   | Received a gift from Nemelex Xobeh
 21225 | Lair:2   | Found a staircase to the Snake Pit.
 21619 | D:9      | Learned a level 3 spell: Confusing Touch
 21625 | D:9      | Learned a level 5 spell: Yara's Violent Unravelling
 21625 | D:9      | Upgraded the game from 0.31.0-2-g5a2aebc5c2 to
                  | 0.31.0-4-g52a2dc7128
 22735 | D:12     | Received a gift from Nemelex Xobeh
 23132 | D:13     | Received a gift from Nemelex Xobeh
 23313 | D:13     | Noticed Erolcha
 23317 | D:13     | Killed Erolcha
 23333 | D:13     | Reached skill level 10 in Dodging
 23485 | D:13     | Acquired the +1 pair of boots of the Grue {Regen+}
 23508 | D:13     | Found a gate to the Vaults.
 23850 | D:13     | Received a gift from Nemelex Xobeh
 24265 | D:14     | Received a gift from Nemelex Xobeh
 24300 | D:14     | Reached skill level 10 in Stealth
 24714 | D:14     | Received a gift from Nemelex Xobeh
 24748 | D:14     | Noticed Agnes
 24926 | D:14     | Killed Agnes
 25148 | D:15     | Entered Level 15 of the Dungeon
 25164 | D:15     | Reached XP level 15. HP: 97/110 MP: 7/27
 25189 | D:15     | Found a portal to a secret trove of treasure.
 25607 | D:15     | Received a gift from Nemelex Xobeh
 25771 | D:15     | Reached skill level 10 in Spellcasting
 25881 | D:15     | Identified the staff "Wauwerch" {rN+ Conj Necro}
 25893 | D:15     | Found a staircase to the Depths.
 25917 | D:15     | Reached skill level 1 in Evocations
 25974 | D:15     | Reached skill level 8 in Fighting
 26202 | D:15     | Found an ancient bone altar of Kikubaaqudgha.
 26437 | Orc:1    | Entered Level 1 of the Orcish Mines
 26452 | Orc:1    | Paralysed by an orc sorcerer for 4 turns
 27261 | Orc:2    | Entered Level 2 of the Orcish Mines
 27266 | Orc:2    | Received a gift from Nemelex Xobeh
 27344 | Orc:2    | Reached skill level 9 in Fighting
 27531 | Orc:2    | Reached skill level 5 in Evocations
 27861 | Orc:2    | Received a gift from Nemelex Xobeh
 27867 | Orc:2    | Found a staircase to the Elven Halls.
 27947 | Orc:2    | Found Xetes's General Store.
 27947 | Orc:2    | Found Vub Ine's Assorted Antiques.
 27949 | Orc:2    | Found Leolokudu's Distillery.
 27951 | Orc:2    | Found Ceceel's Armour Boutique.
 27955 | Orc:2    | Bought a potion of haste for 150 gold pieces
 27955 | Orc:2    | Bought a tin of tremorstones (2/2) for 600 gold pieces
 27956 | Orc:2    | Bought a smoking diamond amulet for 185 gold pieces
 27956 | Orc:2    | Identified the amulet "Tehi Sudukua" {Spirit rCorr Stlth+}
                  | (You bought it in a shop on level 2 of the Orcish Mines)
 27958 | Orc:2    | Bought a potion of heal wounds for 65 gold pieces
 28325 | Snake:1  | Entered Level 1 of the Snake Pit
 28512 | Swamp:1  | Entered Level 1 of the Swamp
 28694 | Swamp:1  | Reached skill level 10 in Fighting
 28865 | Swamp:1  | Noticed Frances
 28870 | Swamp:1  | Identified the +4 executioner's axe of the Stopping Blowfly
                  | {chaos, Int+4}
 28875 | Swamp:1  | Killed Frances
 28918 | Swamp:1  | Received a gift from Nemelex Xobeh
 28960 | Swamp:1  | Identified the +10 battleaxe "Apnoesch" {speed, rPois Will+
                  | Str+2 SInv}
 29228 | Swamp:1  | Received a gift from Nemelex Xobeh
 29499 | Swamp:2  | Noticed a tentacled monstrosity
 29515 | Swamp:2  | Killed a tentacled monstrosity
 29685 | Swamp:2  | Gained mutation: Spells you cast and wands you use may
                  | paralyse nearby enemies. [demonic ancestry]
 29685 | Swamp:2  | Reached XP level 16. HP: 91/124 MP: 21/30
 29868 | Swamp:2  | Received a gift from Nemelex Xobeh
 30053 | Swamp:2  | Reached skill level 11 in Fighting
 30499 | Swamp:3  | Received a gift from Nemelex Xobeh
 30872 | Swamp:3  | Reached skill level 12 in Fighting
 30956 | Swamp:3  | Received a gift from Nemelex Xobeh
 31064 | Swamp:3  | Found a runed translucent door.
 31066 | Swamp:3  | Found a shimmering altar of Xom.
 31066 | Swamp:3  | Noticed xzight's ghost (adept MiBe)
 31068 | Swamp:3  | Identified the +3 quick blade "Xenkoemu" {chaos, Dex+3}
 31362 | Swamp:4  | Entered Level 4 of the Swamp
 31668 | Swamp:4  | Reached skill level 13 in Fighting
 32212 | Swamp:4  | Reached skill level 14 in Fighting
 32285 | Swamp:4  | Noticed a bone dragon
 32389 | Swamp:4  | Got a decaying rune of Zot
 32416 | Swamp:4  | Killed a bone dragon
 33079 | Snake:1  | Reached skill level 15 in Fighting
 33297 | Snake:1  | Received a gift from Nemelex Xobeh
 33443 | Snake:1  | Reached XP level 17. HP: 114/142 MP: 26/31
 33756 | Snake:2  | Received a gift from Nemelex Xobeh
 33840 | Snake:2  | Reached skill level 16 in Fighting
 34718 | Snake:2  | Found a bloodstained altar of Trog.
 34719 | Snake:2  | Received a gift from Nemelex Xobeh
 34989 | Snake:3  | Reached skill level 17 in Fighting
 35262 | Snake:3  | Identified the +1 chain mail of the Goldsmith {Rampage rF+
                  | rCorr}
 35293 | Snake:3  | Found Vuehus's Antique Armour Shoppe.
 35298 | Snake:3  | Found Plog's General Store.
 35298 | Snake:3  | Received a gift from Nemelex Xobeh
 35363 | Snake:3  | Bought a lightning rod (4/4) for 680 gold pieces
 35751 | Snake:3  | Reached skill level 18 in Fighting
 35955 | Snake:3  | Bought a smoking scale mail for 243 gold pieces
 35955 | Snake:3  | Identified the +2 scale mail of Virtue {rF- rN+ Str+2
                  | Int+2} (You bought it in a shop on level 3 of the Snake
                  | Pit)
 35972 | Snake:4  | Entered Level 4 of the Snake Pit
 36719 | Snake:4  | HP: 4/151 [nagaraja/+0 spear (13)]
 36719 | Snake:4  | Killed from afar by a naga ritualist

Illustrated notes

Levels and vault maps discovered:
D:1:      matt_arrival_spirals, layout_rooms,
          hellmonk_ecumenical_altar_pennies_from_heaven
D:2:      layout_loops_ring, basic_altar
D:3:      layout_rooms
D:4:      layout_basic, enter_ossuary_3, uniq_edmund, uniq_duvessa,
          uniq_eustachio, uniq_menkaure
D:5:      layout_basic, nrook_campfire, nicolae_shop_sticking_my_neck_out
D:6:      layout_loops_ring, nicolae_ru_path_of_blood,
          minmay_temple_entry_waves, uniq_maggie
D:7:      layout_loops_corners, mainiacjoe_overflow_surrounded_room
D:8:      layout_cave_pods, enter_bailey_5, minmay_misc_feat_diagonals,
          nicolae_concentric_dashed_squares_wild, uniq_jeremiah
D:9:      layout_cross, grunt_gozag_statues, dpeg_lair_monsters,
          kennysheep_orc_monster_closet_entryway
D:10:     layout_loops_ring, nzn_wu_jian_contemplation, gammafunk_ghost_grave
D:11:     layout_loops_ring, zin_angel
D:12:     layout_basic
D:13:     layout_loops_ring, david_vaults_2, uniq_erolcha
D:14:     layout_basic, serial_glass, glass_columns_a, glass_columns_b,
          glass_columns_b, glass_columns_b, glass_columns_b, glass_columns_a,
          glass_columns_c, glass_columns_a, glass_columns_a, glass_columns_b,
          uniq_agnes
D:15:     hellmonk_depths_entry_around_the_bend, layout_cave_pools,
          nicolae_trove_entry_diagonal, kennysheep_vampire_church
Lair:1:   layout_layer_cave, grunt_megastairs_2
Lair:2:   beargit_carnivore_pack, layout_long_grid, nicolae_swamp_entry_spooky,
          nicolae_snake_entry_squirm, gammafunk_ghost_necromancy
Lair:3:   layout_loops_ring, serial_bayou_pond_e
Lair:4:   layout_regular_city, kennysheep_basilisk_garden,
          infiniplex_staircase_pool_2
Lair:5:   hangedman_lair_tendril_chambers, layout_small_grid,
          guppyfry_lair_end_dragon, nicolae_slime_entry_field_trip, uniq_urug
Swamp:1:  layout_falls_marsh, hangedman_swamp_blocks, hangedman_swamp_lotus,
          swamp_pool_1_2, uniq_frances
Swamp:2:  layout_falls_marsh, evilmike_swamp_ruin_rubble_1
Swamp:3:  layout_basic_swamp, ebering_ghost_xom, nicolae_swamp_trees_clearing,
          swamp_pool_1_2, beargit_elvish_explorers
Swamp:4:  swamp_pestilence, layout_basic_swamp,
          nicolae_swamp_decorative_isthmus, infiniplex_staircase_pool
Snake:1:  layout_onion_interference
Snake:2:  layout_onion, basic_altar, hangedman_snake_thin_pillar_pass,
          nicolae_snake_snakes_in_the_grass
Snake:3:  layout_misc_corridors, minmay_shop_star, lemuel_fruit_tree
Snake:4:  hellmonk_snake_rune_quicksilver_temple, layout_misc_corridors
Orc:1:    layout_caves
Orc:2:    st_orc_rangers, layout_caves

Skill      XL: |  1  2  3  4  5  6  7  8  9 10 11 12 13 14 15 16 17 |
---------------+----------------------------------------------------+-----
Dodging        | 2 8 10 | 10.0
Stealth        | 2 7 10 | 10.0
Alchemy        | 4 5 6 7 |  7.2
Spellcasting   | 3 5 8 10 | 10.0
Fire Magic     | 3 6 |  6.0
Fighting       | 4 7 10 15 18 | 18.8
Invocations    | 7 12 | 12.0
Short Blades   | 4 10 14 | 14.0
Evocations     | 7 8 |  8.0
Conjurations   | |  1.3

Action                     |  1- 3 |  4- 6 |  7- 9 | 10-12 | 13-15 | 16-18 || total
---------------------------+-------+-------+-------+-------+-------+-------++-------
  Melee: Unarmed           |    54 |    13 |       |       |       |       ||    67
         Punch             |     1 |       |       |       |       |       ||     1
         Long sword        |       |    32 |    30 |       |       |       ||    62
         Pair of quick bla |       |       |   308 |   587 |  1630 |  1909 ||  4434
         Headbutt          |       |       |       |   149 |   498 |   639 ||  1286
   Fire: Orcbow            |       |    19 |       |       |       |       ||    19
   Cast: Sting             |    70 |    22 |       |       |       |       ||    92
         Mercury Vapours   |     3 |     2 |       |     1 |     2 |     3 ||    11
         Mephitic Cloud    |       |     2 |     2 |     6 |     1 |     1 ||    12
         Sticky Flame      |       |       |    25 |    37 |    95 |    69 ||   226
         Olgreb's Toxic Ra |       |       |     2 |    47 |    51 |    16 ||   116
         Confusing Touch   |       |       |       |       |     1 |     3 ||     4
 Invoke: Draw Escape       |       |       |     2 |       |     1 |     1 ||     4
         Draw Summoning    |       |       |       |     2 |     2 |     2 ||     6
         Draw Destruction  |       |       |       |       |    12 |    10 ||    22
         Deal Four         |       |       |       |       |     2 |     2 ||     4
         Stack Five        |       |       |       |       |       |     1 ||     1
  Evoke: Wand              |       |       |       |       |       |     1 ||     1
    Use: Potion            |     1 |       |       |       |     2 |     2 ||     5
         Scroll            |     3 |     4 |    12 |     8 |     6 |     2 ||    35
   Stab: Sleeping          |       |     4 |    22 |    16 |    38 |    46 ||   126
         Paralysed         |       |       |    10 |    37 |    77 |    33 ||   157
         Distracted        |       |       |     1 |       |     5 |     9 ||    15
         Confused          |       |       |       |     4 |       |     3 ||     7
 Armour: Robe              |    49 |    36 |    51 |       |       |       ||   136
         Leather armour    |       |       |    40 |   185 |   355 |   355 ||   935
  Dodge: Dodged            |    57 |    37 |    83 |   122 |   502 |   464 ||  1265
         Repelled          |       |       |       |     1 |    12 |    21 ||    34
